 Dungeon Crawl Stone Soup version 0.30-a0-694-g3340775977 (webtiles) character file.

Game seed: 9323647969408907725

434 M4edhros the Charlatan (level 7, -6/45 HPs)
             Began as an Octopode Artificer on Jan 20, 2023.
             Mangled by an ogre
             ... wielding a +0 giant club
              (21 damage)
             ... on level 5 of the Dungeon.
             The game lasted 00:02:39 (1428 turns).

M4edhros the Charlatan (Octopode Artificer)         Turns: 1428, Time: 00:02:40

Health: -6/45      AC:  1    Str: 11    XL:     7   Next: 0%
Magic:  7/7        EV: 14    Int: 14    God:
Gold:   82         SH:  0    Dex: 14    Spells: 6/6 levels left

rFire   . . .      SeeInvis .      - Unarmed
rCold   . . .      Faith    .    (no shield)
rNeg    . . .      Spirit   .    (helmet restricted)
rPois   .          Reflect  .    (no amulet)
rElec   .          Harm     .    (no ring)
rCorr   .          Rampage  .    (no ring)
Will    .....                    (no ring)
Stlth   ++++                     (no ring)
HPRegen 0.27/turn                (no ring)
MPRegen 0.10/turn                (no ring)
                                 (no ring)
                                 (no ring)

@: no status effects
A: almost no armour, amphibious, 8 rings, camouflage 1, gelatinous body 1,
(nimble swimmer 1), tentacles
a: no special abilities


You were on level 5 of the Dungeon.
You visited 1 branch of the dungeon, and saw 5 of its levels.

You collected 82 gold pieces.

Inventory:

Missiles
 h - a boomerang of dispersal
 j - 6 poisoned darts
Wands
 b - a wand of flame (3) (quivered)
 c - a wand of charming (8)
 d - a wand of iceblast (4)
Scrolls
 f - a scroll of torment {unknown}
 g - 2 scrolls of identify {unknown}
 i - a scroll of magic mapping {unknown}
 k - 2 scrolls of noise {unknown}
 l - a scroll of enchant armour {unknown}
Potions
 a - a potion of attraction {unknown}
 e - a potion of might {unknown}


   Skills:
 + Level 2.8 Fighting
 + Level 3.6 Dodging
 + Level 4.0 Stealth
 * Level 3.8 Unarmed Combat
 + Level 4.5 Evocations


You had 6 spell levels left.
You didn't know any spells.
Your spell library contained the following spells:

 Spells                   Type           Power      Damage    Failure   Level
 Magic Dart               Conj           0%         1d3       28%         1
 Call Imp                 Summ           0%         N/A       41%         2
 Mephitic Cloud           Conj/Pois/Air  0%         N/A       65%         3


Dungeon Overview and Level Annotations

Branches:
Dungeon (5/15)
 Temple: D:4-7

Altars:


Innate Abilities, Weirdness & Mutations

You cannot wear most types of armour.
You are amphibious.
You can wear up to eight rings at the same time.
Your skin changes colour to match your surroundings (Stealth+).
Your rubbery body absorbs attacks. (AC +1, EV +1)
((You are camouflaged when in or above water. (Stealth+)))
You have tentacles for arms and can constrict up to eight enemies at once.


Message History

g - Guard the area. f - Follow me.
Anything else - Cancel.
Follow me!
Really attack your gnoll bouda?
You catch your helpless gnoll bouda completely off-guard!
You tentacle-slap your gnoll bouda but do no damage.
The gnoll bouda is no longer charmed.
Your grab misses the gnoll bouda.
The gnoll bouda is almost dead.
The gnoll bouda misses you.
You barely miss the gnoll bouda. You grab the gnoll bouda.
The gnoll bouda is almost dead.
You constrict the gnoll bouda.
You kill the gnoll bouda!
An ogre comes into view. It is wielding a +0 giant club.
Things that are here:
a +0 club; a +0 robe; a gnoll corpse
Found a stone staircase leading up.
Things that are here:
a +0 club; a +0 robe; a gnoll corpse
Aiming: Throw Flame
Press: ? - help, Shift-Dir - straight line, f - ogre
Aim: an ogre, wielding a +0 giant club (88% to hit)
The puff of flame hits the ogre!
The ogre is moderately wounded.
Aiming: Throw Flame
Press: ? - help, Shift-Dir - straight line, f/p - ogre
Aim: an ogre, wielding a +0 giant club (moderately wounded, 88% to hit)
The puff of flame hits the ogre.
The ogre is heavily wounded.
The ogre hits you with a +0 giant club!!
Ouch! That really hurt!
You tentacle-slap the ogre but do no damage.
The ogre is heavily wounded.
Aiming: Throw Flame
Press: ? - help, Shift-Dir - straight line, f/p - ogre
Aim: an ogre, wielding a +0 giant club (heavily wounded, 88% to hit)
The puff of flame hits the ogre!
The ogre is almost dead.
The ogre hits you with a +0 giant club!!
You die...

... ... ... #.# #.# #.#
######.########
........O.....>#######
.######..@............ ..
........####.######
#.########)# #.#
#.......##.# #.# #.
#.......##.####.#### #.
#.......##.........#
#.####......(......<.##.#
#.....#......#######.# ..
#......................
.#


You could see an ogre.

Vanquished Creatures
  A black bear (D:4)
  A necrophage (D:5)
  A gnoll bouda (D:5)
  2 hound zombies (D:4)
  2 howler monkey zombies (D:4)
  4 gnolls
  4 adders
  An adder zombie (D:4)
  2 dart slugs
  An orc (D:3)
  A ball python (D:1)
  An endoplasm (D:4)
  A giant cockroach (D:1)
  4 goblins
  3 hobgoblins
  2 frilled lizards (D:1)
  A kobold (D:1)
  2 rats
34 creatures vanquished.

Vanquished Creatures (collateral kills)
  An ogre (D:5)
  3 gnolls (D:5)
  An adder (D:3)
  An orc (D:3)
  A quokka (D:3)
7 creatures vanquished.

Vanquished Creatures (others)
  An iguana (D:5)
  A gnoll (D:5)
2 creatures vanquished.

Grand Total: 43 creatures vanquished

Notes
Turn   | Place    | Note
-------+----------+-------------------------------------------
     0 | D:1      | M4edhros the Octopode Artificer began the quest for the
                  | Orb.
     0 | D:1      | Reached XP level 1. HP: 13/13 MP: 1/1
    85 | D:1      | Reached skill level 1 in Unarmed Combat
    85 | D:1      | Reached XP level 2. HP: 6/18 MP: 2/2
   291 | D:2      | Reached XP level 3. HP: 11/23 MP: 3/3
   639 | D:4      | Reached XP level 4. HP: 8/29 MP: 4/4
  1079 | D:4      | Noticed a black bear
  1089 | D:4      | Killed a black bear
  1090 | D:4      | Reached XP level 5. HP: 10/34 MP: 5/5
  1216 | D:5      | Entered Level 5 of the Dungeon
  1216 | D:5      | Noticed an ogre
  1231 | D:5      | Killed an ogre
  1232 | D:5      | Reached XP level 6. HP: 41/41 MP: 6/6
  1413 | D:5      | Reached XP level 7. HP: 35/45 MP: 7/7
  1428 | D:5      | Mangled by an ogre

Illustrated notes

Levels and vault maps discovered:
D:1:      onia_arrival_mini_maze, layout_rooms
D:2:      layout_loops_ring, basic_altar, nicolae_ecumenical_snake_handling,
          minmay_misc_feat_nine_boxes
D:3:      layout_loops_ring, lemuel_crystal_altar
D:4:      layout_basic, nicolae_yredelemnul_corpse_copse,
          nicolae_hepliaklqana_hippocampus
D:5:      cheibrodos_helix_gallery, layout_basic,
          pdpol_temple_overflow_zin_treasury_gozag_greed,
          nicolae_tso_besieged_by_evil, minmay_temple_entry_enclosed_plants,
          nicolae_take_the_stairs

Skill      XL: |  1  2  3  4  5  6 |
---------------+-------------------+-----
Unarmed Combat | 1 2 3 |  3.8
Stealth        | 2 3 4 |  4.0
Fighting       | 2 |  2.8
Dodging        | 3 |  3.6
Evocations     | 4 |  4.5

Action                   |  1- 3 |  4- 6 |  7- 9 || total
-------------------------+-------+-------+-------++-------
Melee: Unarmed           |    56 |    40 |     3 ||    99
       Constrict         |    16 |    10 |     1 ||    27
       Tentacles         |    12 |    11 |       ||    23
Evoke: Wand              |     3 |    14 |     3 ||    20
 Stab: Sleeping          |     5 |       |       ||     5
       Betrayed ally     |       |       |     1 ||     1
Armor: Skin              |     4 |     4 |       ||     8
Dodge: Dodged            |    34 |    30 |     1 ||    65

Table legend: (Time is in decaauts)
 A = Elapsed time spent in this place.
 B = Non-inter-level travel time spent in this place.
 C = Inter-level travel time spent in this place.
 D = Time resting spent in this place.
 E = Time spent auto-exploring this place.
 F = Levels seen in this place.
 G = Mean time per level.
                   A        B        C        D        E       F      G
               +--------+--------+--------+--------+--------+-----+--------+
         Total |   1423 |   1321 |    102 |      0 |    936 |   5 |  284.6 |
       Dungeon |   1423 |   1321 |    102 |      0 |    936 |   5 |  284.6 |
               +--------+--------+--------+--------+--------+-----+--------+

Top non-repeatable levels by time:
     D:4: 675 daAuts
     D:1: 231 daAuts
     D:5: 211 daAuts
     D:2: 163 daAuts
     D:3: 141 daAuts
